 Seeded DCSS version 0.31-a0-233-g139696dc86 (webtiles) character file.

Game seed: 1173353110329037709 (custom seed)

47 innerfire43 the Poker (level 3, -8/29 HPs)
             Began as a Demonspawn Monk on July 9, 2023.
             Killed by divine providence
             ... invoked by an orc priest
              (15 damage)
             ... on level 2 of the Dungeon.
             The game lasted 00:01:05 (1259 turns).

innerfire43 the Poker (Demonspawn Monk)             Turns: 1259, Time: 00:01:05

Health: -8/29      AC:  3    Str: 13    XL:     3   Next: 48%
Magic:  3/3        EV: 13    Int: 11    God:
Gold:   38         SH:  5    Dex: 15    Spells: 2/2 levels left

rFire   . . .        a - +0 spear
rCold   . . .        d - orb {light}
rNeg    . . .        b - +0 robe
rPois   .            (helmet restricted)
rElec   .            (no cloak)
rCorr   .            (no gloves)
SInv    .            k - +0 pair of boots
Will    .....        g - amulet of reflection
Stlth   +            (no ring)
HPRegen 0.24/turn    (no ring)
MPRegen 0.08/turn

%: reflection
@: glowing
A: antennae 1
a: no special abilities


You were on level 2 of the Dungeon.
You visited 1 branch of the dungeon, and saw 2 of its levels.

You collected 38 gold pieces.

Inventory:

Hand Weapons
 a - a +0 spear (weapon)
Armour
 b - a +0 robe (worn)
 d - an orb of light (worn)
 k - a +0 pair of boots (worn)
Jewellery
 g - an amulet of reflection (around neck)
Scrolls
 e - a scroll of blinking {unknown}
 i - a scroll of identify {unknown}
 j - 3 scrolls of teleportation {unknown}
Potions
 c - a potion of ambrosia
 f - a potion of lignification {unknown}
 h - a potion of cancellation {unknown}


   Skills:
 - Level 3.0 Fighting
 * Level 3.8 Polearms
 - Level 3.0 Dodging


You had 2 spell levels left.
You didn't know any spells.
Your spell library was empty.

Dungeon Overview and Level Annotations

Branches:
Dungeon (2/15)

Altars:


Innate Abilities, Weirdness & Mutations

You have a pair of small antennae on your head.


Message History

Beogh smites you!
Ouch! That really hurt!
An orc priest is nearby!
You are too injured to fight recklessly!
An orc priest is nearby!
You are too injured to fight recklessly!
Unknown command.
The orc priest hits you with a +0 short sword.
You hit the orc priest.
The orc priest is lightly wounded.
The orc priest hits you with a +0 short sword.
* * * LOW HITPOINT WARNING * * *
You barely miss the orc priest.
The orc priest is lightly wounded.
The orc priest misses you.
Unknown command.
You barely miss the orc priest.
The orc priest is lightly wounded.
The orc priest hits you with a +0 short sword.
* * * LOW HITPOINT WARNING * * *
You hit the orc priest but do no damage.
The orc priest is lightly wounded.
The orc priest misses you.
You hit the orc priest.
The orc priest is moderately wounded.
The orc priest hits you but does no damage.
You barely miss the orc priest.
The orc priest is moderately wounded.
The orc priest completely misses you.
You hit the orc priest.
The orc priest is heavily wounded.
You completely miss the orc priest.
The orc priest is heavily wounded.
The orc priest barely misses you.
You hit the orc priest.
The orc priest is almost dead.
The orc priest invokes the aid of Beogh against you.
Beogh smites you!
Ouch! That really hurt!
You die...

. # .#.# #.
###.#. #..
..#..
#..###.#.#
...#...#
#.#o.# #..@.#
#.#.)..#
#......####
######))..##
#.)...###
#.......#
#...†##.#
#....##.####
#....##.<..##


You could see an orc priest.

Vanquished Creatures
  A gnoll (D:1)
  2 dart slugs (D:1)
  3 orcs (D:2)
  A ball python (D:2)
  A bat (D:1)
  An endoplasm (D:1)
  2 giant cockroaches (D:1)
  6 hobgoblins
  2 jackals (D:1)
  A quokka (D:1)
  2 frilled lizards
  2 goblins (D:2)
  A kobold (D:2)
  3 rats
28 creatures vanquished.

Notes
Turn   | Place    | Note
-------+----------+-------------------------------------------
     0 | D:1      | innerfire43 the Demonspawn Monk began the quest for the
                  | Orb.
     0 | D:1      | Reached XP level 1. HP: 18/18 MP: 1/1
   331 | D:1      | Gained mutation: You have a pair of small antennae on your
                  | head. [demonic ancestry]
   331 | D:1      | Reached XP level 2. HP: 24/24 MP: 2/2
   794 | D:1      | Reached XP level 3. HP: 19/29 MP: 3/3
  1259 | D:2      | Killed from afar by an orc priest

Illustrated notes

Levels and vault maps discovered:
D:1:      dpeg_chamrin_arrival_tetris, layout_loops_corners, item_on_display_a
D:2:      layout_basic, hellmonk_ecumenical_altar_heavens_door,
          minmay_misc_feat_columns, grunt_decor_clamped,
          hangedman_abyss_or_decor_stabs, kennysheep_generic_room_15

Skill      XL: |  1  2 |
---------------+-------+-----
Polearms       | 3 |  3.8
Dodging        | 3 |  3.0
Fighting       | |  3.0

Action                     || total
---------------------------++-------
  Melee: Spear             ||   106
 Armour: Robe              ||     9
  Dodge: Dodged            ||    44
  Block: Orb               ||     7

Table legend: (Time is in decaauts)
 A = Elapsed time spent in this place.
 B = Non-inter-level travel time spent in this place.
 C = Inter-level travel time spent in this place.
 D = Time resting spent in this place.
 E = Time spent auto-exploring this place.
 F = Levels seen in this place.
 G = Mean time per level.
                   A        B        C        D        E       F      G
               +--------+--------+--------+--------+--------+-----+--------+
         Total |   1251 |   1155 |     96 |      0 |    975 |   2 |  625.5 |
       Dungeon |   1251 |   1155 |     96 |      0 |    975 |   2 |  625.5 |
               +--------+--------+--------+--------+--------+-----+--------+

Top non-repeatable levels by time:
     D:1: 1056 daAuts
     D:2: 194 daAuts
